Workbook

Sheet BDI (00,00%)
B4: Quadro de Composição do BDI
B6: Construção e Reforma de Edifícios
B8: Conforme legislação tributária municipal, definir estimativa de percentual da base de cálculo para o ISS: | G8: 0
B9: Sobre a base de cálculo, definir a respectiva alíquota do ISS (entre 2% e 5%): | G9: 0
B11: Itens | C11: Siglas | D11: Preencher percentuais das parcelas do BDI | E11: Situação intervalo admissível | F11: 1º Quartil | G11: Médio | H11: 3º Quartil
B12: Administração Central | C12: AC | D12: 0 | E12: - | F12: 0.03 | G12: 0.04 | H12: 0.055
B13: Seguro e Garantia | C13: SG | D13: 0 | E13: - | F13: 0.008 | G13: 0.008 | H13: 0.01
B14: Risco | C14: R | D14: 0 | E14: - | F14: 0.0097 | G14: 0.0127 | H14: 0.0127
B15: Despesas Financeiras | C15: DF | D15: 0 | E15: - | F15: 0.0059 | G15: 0.0123 | H15: 0.0139
B16: Lucro | C16: L | D16: 0 | E16: - | F16: 0.0616 | G16: 0.074 | H16: 0.0896
B17: Tributos (impostos COFINS 3%, e PIS 0,65%) | C17: CP | D17: 0 | E17: =IF(AND(D17>=F17, D17<=H17), "OK", "Não OK") -> Não OK | F17: 0.0365 | G17: 0.0365 | H17: 0.0365
B18: Tributos (ISS, variável de acordo com o município) | C18: ISS | D18: =G9*G8 -> 0 | E18: =IF(AND(D18>=F18, D18<=H18), "OK", "Não OK") -> OK | F18: 0 | G18: 0.025 | H18: 0.05
B19: Tributos (Contribuição Previdenciária - 0% ou 4,5%, conforme Lei 13.161/2015 - Desoneração) | C19: CPRB | D19: 0 | E19: =IF(AND(D19>=F19, D19<=H19), "OK", "Não OK") -> OK | F19: 0 | G19: 0.02 | H19: 0.045
B20: Fórmula de BDI adotado conforme Acórdão TCU | C20: BDI PAD | D20: =ROUND((((1+D12+D13+D14)*(1+D15)*(1+D16)/(1-(D17+D18)))-1),4) -> 0 | E20: =IF(AND(D20>=F20, D20<=H20), "OK", "Não OK") -> Não OK | F20: 0.2034 | G20: 0.2212 | H20: 0.25
B21: BDI SINAPI DESONERADO (A ser aplicado na Planilha Orçamentária) | C21: BDI DES | D21: =ROUND((((1+D12+D13+D14)*(1+D15)*(1+D16)/(1-(D17+D18+D19)))-1),4) -> 0 | E21: =IF(COUNTIF($E$12:$E$20,"NÃO OK")>0,"NÃO OK","OK") -> NÃO OK
B23: Os valores de BDI foram calculados com o emprego da fórmula abaixo:
B25: Declaro para os devidos fins que, conforme legislação tributária municipal, a base de cálculo para Construção e Reforma de Edifícios, é de 50%, com a respectiva alíquota de 5%.
B26: Declaro para os devidos fins que para o cálculo deste BDI, optamos pelo Orçamento SEM DESONERAÇÃO, e que esta alternativa é a mais adequada para a Administração Pública.

Sheet Planilha
B4: PLANILHA ORÇAMENTÁRIA - COM DESONERAÇÃO | I4: 46097
B7: Unidade | C7: SAMU | I7: BDI= | J7: ='BDI (00,00%)'!D21 -> 0
B8: Objeto | C8: INTERLIGAÇÃO DO GERADOR A REDE EXISTENTE
B9: Local | C9: RUA CHEDE SCAFF com a RUA PEDRO GÓES
C10: VILA ITALIA | G10: Cidade: | H10: SÃO JOSÉ DO RIO PRETO - SP
B12: REF.: PREÇOS: SINAPI-FEV./2026; CDHU-BOL.200; FDE-JAN./2026.
B14: ITEM | C14: FONTE | D14: CÓDIGO | E14: DESCRIÇÃO | F14: UNID | G14: QUANT | H14: CUSTO UNITÁRIO (R$) | I14: UNITÁRIO COM BDI (R$) | J14: VALOR TOTAL COM BDI (R$)
B15: 1 | E15: ELETRICA
B16: 1.1 | E16: ESCAVAÇÃO E REATERRO | J16: =SUM(J17:J18) -> 0
B17: 1.1.1 | C17: SINAPI | D17: 93358 | E17: ESCAVAÇÃO MANUAL DE VALA. AF_09/2024 | F17: M3 | G17: 1.43 | I17: =ROUND(ROUND(H17,2)*(1+J$7),2) -> 0 | J17: =ROUND(G17*I17,2) -> 0
B18: 1.1.2 | C18: CDHU-SD | D18: 06.11.040 | E18: REATERRO MANUAL APILOADO SEM CONTROLE DE COMPACTAÇÃO | F18: M3 | G18: 1.24 | I18: =ROUND(ROUND(H18,2)*(1+J$7),2) -> 0 | J18: =ROUND(G18*I18,2) -> 0
B19: 1.2 | E19: ELETRODUTO | J19: =SUM(J20:J21) -> 0
B20: 1.2.1 | C20: SINAPI | D20: 93012 | E20: ELETRODUTO RÍGIDO ROSCÁVEL, PVC, DN 110 MM (4"), PARA REDE ENTERRADA DE DISTRIBUIÇÃO DE ENERGIA ELÉTRICA - FORNECIMENTO E INSTALAÇÃO. AF_12/2021 | F20: M | G20: 23.8 | I20: =ROUND(ROUND(H20,2)*(1+J$7),2) -> 0 | J20: =ROUND(G20*I20,2) -> 0
B21: 1.2.2 | C21: FDE | D21: 08.04.060 | E21: ENVELOPE DE CONCRETO PARA DUTOS | F21: M | G21: 23.8 | I21: =ROUND(ROUND(H21,2)*(1+J$7),2) -> 0 | J21: =ROUND(G21*I21,2) -> 0
B22: 1.3 | E22: CAIXA DE PASSAGEM | J22: =SUM(J23) -> 0
B23: 1.3.1 | C23: SINAPI | D23: 97883 | E23: CAIXA ENTERRADA ELÉTRICA RETANGULAR, EM CONCRETO PRÉ-MOLDADO, FUNDO COM BRITA, DIMENSÕES INTERNAS: 0,6X0,6X0,5 M. AF_12/2020 | F23: UN | G23: 2 | I23: =ROUND(ROUND(H23,2)*(1+J$7),2) -> 0 | J23: =ROUND(G23*I23,2) -> 0
B24: 1.4 | E24: CABOS | J24: =SUM(J25:J27) -> 0
B25: 1.4.1 | C25: SINAPI | D25: 92988 | E25: CABO DE COBRE FLEXÍVEL ISOLADO, 50 MM², ANTI-CHAMA 0,6/1,0 KV, PARA REDE ENTERRADA DE DISTRIBUIÇÃO DE ENERGIA ELÉTRICA - FORNECIMENTO E INSTALAÇÃO. AF_12/2021 - PRETO | F25: M | G25: 216 | I25: =ROUND(ROUND(H25,2)*(1+J$7),2) -> 0 | J25: =ROUND(G25*I25,2) -> 0
B26: 1.4.2 | C26: SINAPI | D26: 92988 | E26: CABO DE COBRE FLEXÍVEL ISOLADO, 50 MM², ANTI-CHAMA 0,6/1,0 KV, PARA REDE ENTERRADA DE DISTRIBUIÇÃO DE ENERGIA ELÉTRICA - FORNECIMENTO E INSTALAÇÃO. AF_12/2021 - AZUL | F26: M | G26: 72 | I26: =ROUND(ROUND(H26,2)*(1+J$7),2) -> 0 | J26: =ROUND(G26*I26,2) -> 0
B27: 1.4.3 | C27: SINAPI | D27: 92988 | E27: CABO DE COBRE FLEXÍVEL ISOLADO, 50 MM², ANTI-CHAMA 0,6/1,0 KV, PARA REDE ENTERRADA DE DISTRIBUIÇÃO DE ENERGIA ELÉTRICA - FORNECIMENTO E INSTALAÇÃO. AF_12/2021 - VERDE | F27: M | G27: 36 | I27: =ROUND(ROUND(H27,2)*(1+J$7),2) -> 0 | J27: =ROUND(G27*I27,2) -> 0
B28: 1.5 | E28: TERMINAL | J28: =SUM(J29) -> 0
B29: 1.5.1 | C29: CDHU-SD | D29: 39.10.160 | E29: TERMINAL DE PRESSÃO/COMPRESSÃO PARA CABO DE 50 MM² | F29: UN | G29: 22 | I29: =ROUND(ROUND(H29,2)*(1+J$7),2) -> 0 | J29: =ROUND(G29*I29,2) -> 0
B30: 1.6 | E30: DISJUNTOR | J30: =SUM(J31:J33) -> 0
B31: 1.6.1 | C31: CDHU-SD | D31: 37.25.110 | E31: DISJUNTOR EM CAIXA MOLDADA TRIPOLAR, TÉRMICO E MAGNÉTICO FIXOS, TENSÃO DE ISOLAMENTO 415/690V, DE 175A A 250A >> 200A | F31: UN | G31: 1 | I31: =ROUND(ROUND(H31,2)*(1+J$7),2) -> 0 | J31: =ROUND(G31*I31,2) -> 0
B32: 1.6.2 | C32: CDHU-SD | D32: 37.25.100 | E32: DISJUNTOR EM CAIXA MOLDADA TRIPOLAR, TÉRMICO E MAGNÉTICO FIXOS, TENSÃO DE ISOLAMENTO 480/690V, DE 70A ATÉ 150A >> 80A | F32: UN | G32: 1 | I32: =ROUND(ROUND(H32,2)*(1+J$7),2) -> 0 | J32: =ROUND(G32*I32,2) -> 0
B33: 1.6.3 | C33: CDHU-SD | D33: 37.25.100 | E33: DISJUNTOR EM CAIXA MOLDADA TRIPOLAR, TÉRMICO E MAGNÉTICO FIXOS, TENSÃO DE ISOLAMENTO 480/690V, DE 70A ATÉ 150A >> 125A | F33: UN | G33: 1 | I33: =ROUND(ROUND(H33,2)*(1+J$7),2) -> 0 | J33: =ROUND(G33*I33,2) -> 0
B34: 1.7 | E34: BARRA DE COBRE | J34: =SUM(J35:J37) -> 0
B35: 1.7.1 | C35: FDE | D35: 09.04.045 | E35: QUADRO GERAL-BARRAMENTO DE 400 A | F35: M | G35: 0.9 | I35: =ROUND(ROUND(H35,2)*(1+J$7),2) -> 0 | J35: =ROUND(G35*I35,2) -> 0
B36: 1.7.2 | C36: CDHU-SD | D36: 37.20.010 | E36: ISOLADOR EM EPÓXI DE 1 KV PARA BARRAMENTO | F36: UN | G36: 6 | I36: =ROUND(ROUND(H36,2)*(1+J$7),2) -> 0 | J36: =ROUND(G36*I36,2) -> 0
B37: 1.7.3 | C37: FDE | D37: 09.04.050 | E37: PLACA DE ACRILICO TRANSPARENTE ESP=5MM PROTECAO A CONTATO ACIDENTAL | F37: M2 | G37: 0.5 | I37: =ROUND(ROUND(H37,2)*(1+J$7),2) -> 0 | J37: =ROUND(G37*I37,2) -> 0
E39: TOTAL DO ORÇAMENTO | J39: =J16+J19+J22+J24+J28+J30+J34 -> 0

Sheet Cronograma
J3: CRONOGRAMA FÍSICO - FINANCEIRO
B4: UNIDADE: | E4: =Planilha!C7 -> SAMU
B5: OBJETO: | E5: =Planilha!C8 -> INTERLIGAÇÃO DO GERADOR A REDE EXISTENTE | M5: CIDADE: | N5: SÃO JOSÉ DO RIO PRETO - SP
B6: LOCAL: | E6: =Planilha!C9 -> RUA CHEDE SCAFF com a RUA PEDRO GÓES | F6: =Planilha!C10 -> VILA ITALIA
B7: ITEM | E7: DESCRIÇÃO | F7: VALOR (R$) | G7: % | H7: 1 | K7: 2 | N7: 3 | Q7: 4
H9: R$ | I9: % | J9: %ACUM. | K9: R$ | L9: % | M9: %ACUM. | N9: R$ | O9: % | P9: %ACUM. | Q9: R$ | R9: % | S9: %ACUM.
E10: ADEQUAÇÃO ABRIGO COMPRESSOR | F10: =Planilha!J39 -> 0 | G10: =F10/F$12 -> #DIV/0! | H10: =$F10*I10% -> 0 | I10: 0 | J10: =I10 -> 0 | K10: =$F10*L10% -> 0 | L10: 0 | M10: =L10+J10 -> 0 | N10: =$F10*O10% -> 0 | O10: 0 | P10: =O10+M10 -> 0 | Q10: =$F10*R10% -> 0 | R10: 0 | S10: =R10+P10 -> 0
B12: TOTAIS | E12: ORÇAMENTO | F12: =SUM(F10:F10) -> 0 | G12: =SUM(G10:G10) -> #DIV/0!
E13: % EXECUTADO NO PERÍODO | H13: =H15/$F$12 -> #DIV/0! | K13: =K15/$F$12 -> #DIV/0! | N13: =N15/$F$12 -> #DIV/0! | Q13: =Q15/$F$12 -> #DIV/0!
E14: % ACUMULADO NO PERÍODO | H14: =H13 -> #DIV/0! | K14: =K13+H14 -> #DIV/0! | N14: =N13+K14 -> #DIV/0! | Q14: =Q13+N14 -> #DIV/0!
E15: VALOR (R$) EXECUTADO NO PERÍODO | H15: =SUM(H10:H10) -> 0 | K15: =SUM(K10:K10) -> 0 | N15: =SUM(N10:N10) -> 0 | Q15: =SUM(Q10:Q10) -> 0
E16: VALOR (R$) ACUMULADO NO PERÍODO | H16: =H15 -> 0 | K16: =K15+H16 -> 0 | N16: =N15+K16 -> 0 | Q16: =Q15+N16 -> 0
